 Dungeon Crawl Stone Soup version 0.29-a0-993-g4a18f31a58 (webtiles) character file.

Game seed: 13363938334108481154

6244 Sin92 the Trooper (level 10, 0/76 (79) HPs)
             Began as a Demonspawn Fighter on Aug 1, 2022.
             Was an Elder of Okawaru.
             Slain by a warg (15 damage)
             ... on level 9 of the Dungeon on Aug 2, 2022.
             The game lasted 00:21:09 (13109 turns).

Sin92 the Trooper (Demonspawn Fighter)             Turns: 13109, Time: 00:21:09

HP:   0/76 (79)     AC: 11    Str: 20    XL:     10   Next: 62%
MP:   14/14         EV: 11    Int:  9    God:    Okawaru [****..]
Gold: 586           SH: 11    Dex: 16    Spells: 15/15 levels left

rFire   . . .      SeeInvis .   p - +5 spear (venom)
rCold   . . .      Faith    .   B - +1 kite shield
rNeg    . . .      Spirit   .   f - +2 ring mail of the Gate {Harm rCorr Str+2 Slay+2}
rPois   +          Reflect  .   q - +0 hat
rElec   .          Harm     +   x - +0 cloak
rCorr   +          Rampage  .   g - +0 pair of gloves
Will    .....                   (no boots)
Stlth   +.........              A - amulet of magic regeneration
HPRegen 0.22/turn               t - ring of poison resistance
MPRegen 0.54/turn               u - +4 ring of slaying

@: lightly drained
A: foul stench 3, sturdy frame 1, demonic magic 2
a: Renounce Religion, Heroism, Finesse


You were on level 9 of the Dungeon.
You worshipped Okawaru.
Okawaru was greatly pleased with you.
You visited 2 branches of the dungeon, and saw 11 of its levels.

You collected 586 gold pieces.

Inventory:

Hand Weapons
 a - a +1 war axe
 p - a +5 spear of venom (weapon)
 w - a +0 flail
Armour
 b - a +1 scale mail
 c - a +0 buckler
 f - the +2 ring mail of the Gate (worn) {Harm rCorr Str+2 Slay+2}
   (You found it on level 6 of the Dungeon)

   Str:       It affects your strength (+2).
   Slay:      It affects your accuracy & damage with ranged weapons and melee
   (+2).
   rCorr:     It protects you from acid and corrosion.
   Harm:      It increases damage dealt and taken.
 g - a +0 pair of gloves (worn)
 o - a +0 cloak
 q - a +0 hat (worn)
 r - a +0 helmet
 x - a +0 cloak (worn)
 B - a +1 kite shield (worn)
Jewellery
 j - a ring of fire
 t - a ring of poison resistance (left hand)
 u - a +4 ring of slaying (right hand)
 A - an amulet of magic regeneration (around neck)
Wands
 d - a wand of flame (44)
 y - a wand of light (8)
Scrolls
 e - 8 scrolls of identify
 h - 3 scrolls of noise
 i - a scroll of poison
 n - 2 scrolls of teleportation
 s - a scroll of fog
 E - a scroll of fear
Potions
 k - 4 potions of curing
 l - 4 potions of mutation
 m - 2 potions of brilliance
 v - 2 potions of flight
 C - a potion of degeneration {unknown}
 D - a potion of ambrosia


   Skills:
 + Level 7.0 Fighting
 - Level 5.9(7.0) Axes
 * Level 5.9(7.0) Polearms
 + Level 6.5 Armour
 + Level 3.9 Dodging
 + Level 6.5 Shields
 + Level 3.0 Spellcasting
 + Level 6.0 Invocations


You had 15 spell levels left.
You didn't know any spells.
Your spell library contained the following spells:

 Spells                   Type           Power      Damage    Failure   Level
 Passage of Golubria      Tloc           1%         N/A       100%        4
 Petrify                  Tmut/Erth      1%         N/A       100%        4
 Metabolic Englaciation   Hex/Ice        0%         N/A       100%        5
 Silence                  Hex/Air        0%         N/A       100%        5
 Statue Form              Tmut/Erth      0%         N/A       100%        6
 Lehudib's Crystal Spear  Conj/Erth      0%         10d2      100%        8


Dungeon Overview and Level Annotations

Branches:
Dungeon (10/15)            Temple (1/1) D:5            Lair (0/5) D:10
    Orc (0/2) D:9

Altars:
Ashenzari
Cheibriados
Fedhas
Gozag
Hepliaklqana
Kikubaaqudgha
Makhleb
Okawaru
Qazlal
Ru
Sif Muna
Uskayaw
Vehumet
Wu Jian
Xom
Yredelemnul

Shops:
D:9 *

Annotations:
D:6 Edmund


Innate Abilities, Weirdness & Mutations

You frequently emit foul miasma when damaged in melee.
Your movements are slightly less encumbered by armour. (ER -2)
Spells you cast may paralyse nearby enemies.


Message History

Your Invocations skill increases to level 6!
Unknown command.
There are monsters nearby!
You barely miss the warg. The warg closely misses you.
Something hits you but does no damage. The warg bites you!
Unknown command.
There are monsters nearby!
You are too injured to fight recklessly!
Unknown command.
There are monsters nearby!
Unknown command.
Something hits you but does no damage. You block the wight's attack.
The warg closely misses you. You block the wight's attack. Something hits you.
The warg bites you. Something hits you.
The wight hits you with a +2 short sword of freezing.
You feel drained. The wight freezes you.
You emit a cloud of foul miasma!
The wight attacks as you move away!
The wight hits you with a +2 short sword of freezing.
You feel drained. The wight freezes you.
The warg pauses to sniff the ground.
Something hits you but does no damage. The warg attacks as you move away!
You block the warg's attack.
There is a stone staircase leading up here.
You block the wight's attack.
You climb upwards.
Reactivating autopickup.
There is a stone staircase leading down here.
You block something's attack.
Deactivating autopickup; reactivate with Ctrl-A.
You hear some strange, mumbled words.
A puff of flame appears from out of thin air!
The puff of flame hits you!
* * * LOW HITPOINT WARNING * * *
The warg attacks as you move away! The warg bites you.
* * * LOW HITPOINT WARNING * * *
You block the warg's attack.
There is an open door here.
The warg attacks as you move away! The warg bites you!
You die...

###############
#.......#.....#
#.......#.....#
#....>..#.....#
#.......#.....# ######
#.......#.....# #....#
#......z'h....# #.##.##
##########@####### #.###.#
#.....####.####..####.# #..
#..........#..........###..
#..........#......######...
#..........#......# *###.
#..........#......# *,##.
#..........#.)....# *##..
#..>.......'......# #...
#...####...####..#########.


You could see a warg and a wight.

Vanquished Creatures
  Psyche (D:9)
  A troll (D:9)
  Prince Ribbit (D:8)
  A shadow (D:9)
  A wyvern (D:9)
  A steam dragon (D:6)
  Grum (D:8)
  A warg (D:10)
  Menkaure (D:4)
  A sky beast (D:7)
  An orc warrior (D:9)
  3 ogres
  2 black bears
  4 centaurs
  3 wolves (D:8)
  3 phantoms
  A kobold brigand (D:9)
  5 bullfrogs
  Blork the orc (D:6)
  4 gnoll sergeants
  A necrophage (D:5)
  5 scorpions
  A water moccasin zombie (D:6)
  9 wights
  2 troll zombies (D:9)
  4 killer bees (D:8)
  3 howler monkeys (D:7)
  2 bullfrog zombies (D:6)
  A jelly (D:7)
  A centaur zombie (D:6)
  Crazy Yiuf (D:6)
  A gnoll bouda (D:4)
  A human zombie (D:6)
  6 hounds
  4 iguanas
  Natasha (thrice) (D:4)
  9 orc wizards
  A killer bee zombie (D:6)
  4 ogre zombies (D:9)
  A howler monkey zombie (D:6)
  Robin (D:4)
  23 gnolls
  10 adders
  A shadow imp (D:8)
  2 ufetubi
  2 worms (D:3)
  A dart slug (D:4)
  28 orcs
  8 ball pythons
  3 endoplasms
  2 giant cockroaches
  10 goblins
  14 hobgoblins
  4 jackals (D:2)
  3 quokkas
  4 bats
  A frilled lizard (D:1)
  A goblin zombie (D:9)
  4 hobgoblin zombies (D:9)
  12 kobolds
  2 orc skeletons (D:9)
  12 orc zombies (D:9)
  6 rats
251 creatures vanquished.

Vanquished Creatures (others)
  A shadow (D:6)
  An iguana (D:6)
  A gnoll (D:6)
3 creatures vanquished.

Grand Total: 254 creatures vanquished

Notes
Turn   | Place    | Note
-------+----------+-------------------------------------------
     0 | D:1      | Sin92 the Demonspawn Fighter began the quest for the Orb.
     0 | D:1      | Reached XP level 1. HP: 18/18 MP: 1/1
   479 | D:1      | Gained mutation: Spells you cast may paralyse adjacent
                  | enemies. [demonic ancestry]
   479 | D:1      | Reached XP level 2. HP: 24/24 MP: 2/2
  1033 | D:2      | Noticed an ogre
  1039 | D:2      | Killed an ogre
  1040 | D:2      | Reached XP level 3. HP: 11/29 MP: 3/3
  1040 | D:2      | Gained mutation: You may rarely emit foul miasma when
                  | damaged in melee. [demonic ancestry]
  1040 | D:2      | Reached XP level 4. HP: 13/35 MP: 4/4
  1342 | D:2      | You fall into a shaft and drop 1 floor!
  1621 | D:2      | Reached XP level 5. HP: 21/42 MP: 5/5
  2188 | D:2      | Found a blossoming altar of Fedhas.
  2443 | D:2      | Found a faded altar of an unknown god.
  2834 | D:3      | Noticed a black bear
  2842 | D:3      | Killed a black bear
  2843 | D:3      | Reached skill level 4 in Fighting
  2965 | D:3      | Reached XP level 6. HP: 38/48 MP: 6/6
  3111 | D:3      | Found a faded altar of an unknown god.
  3114 | D:3      | Found an ancient bone altar of Kikubaaqudgha.
  3958 | D:4      | Noticed Robin
  3989 | D:4      | Killed Robin
  4289 | D:4      | Noticed Menkaure
  4291 | D:4      | Noticed Natasha
  4298 | D:4      | Killed Menkaure
  4299 | D:4      | Gained mutation: You sometimes emit foul miasma when
                  | damaged in melee. [demonic ancestry]
  4299 | D:4      | Reached XP level 7. HP: 11/55 MP: 7/7
  4310 | D:3      | HP: 2/55 [hobgoblin (3)]
  4879 | D:4      | Killed Natasha
  4979 | D:4      | Noticed Natasha
  4986 | D:4      | Killed Natasha
  5079 | D:4      | Noticed Natasha
  5086 | D:4      | Killed Natasha
  5308 | D:5      | Entered Level 5 of the Dungeon
  5673 | D:5      | Reached skill level 5 in Axes
  5848 | D:5      | Found a staircase to the Ecumenical Temple.
  5880 | Temple   | Entered the Ecumenical Temple
  5946 | Temple   | Became a worshipper of Warmaster Okawaru
  6003 | D:5      | Reached skill level 5 in Fighting
  6323 | D:5      | Gained mutation: You frequently emit foul miasma when
                  | damaged in melee. [demonic ancestry]
  6323 | D:5      | Reached XP level 8. HP: 15/62 MP: 8/8
  6756 | D:5      | Found a large runed translucent door.
  6757 | D:5      | Found a large runed translucent door.
  6876 | D:5      | Found a blossoming altar of Fedhas.
  6890 | D:5      | Found a shimmering altar of Xom.
  6985 | D:6      | Found a runed translucent door.
  6986 | D:6      | Noticed Crazy Yiuf
  7061 | D:6      | Noticed Edmund
  7063 | D:6      | Reached * piety under Okawaru
  7064 | D:6      | Reached skill level 1 in Polearms
  7064 | D:6      | Reached skill level 5 in Armour
  7064 | D:6      | Reached skill level 1 in Invocations
  7075 | D:6      | Reached skill level 1 in Dodging
  7075 | D:6      | Reached skill level 5 in Shields
  7475 | D:6      | Identified the +2 ring mail of the Gate {Harm rCorr Str+2
                  | Slay+2}
  7821 | D:6      | Found a basalt altar of Yredelemnul.
  7829 | D:6      | Reached ** piety under Okawaru
  7830 | D:6      | Gained mutation: Your movements are slightly less
                  | encumbered by armour. (ER -2) [demonic ancestry]
  7830 | D:6      | Reached XP level 9. HP: 61/69 MP: 11/11
  8589 | D:6      | Reached skill level 6 in Fighting
  8703 | D:6      | Noticed Blork the orc
  8709 | D:6      | Killed Blork the orc
  8890 | D:6      | Upgraded the game from 0.29-a0-982-gaed3a0c8d8 to
                  | 0.29-a0-993-g4a18f31a58
  9039 | D:6      | Killed Crazy Yiuf
  9667 | D:7      | Reached skill level 1 in Spellcasting
  9856 | D:7      | Found a sacrificial altar of Ru.
 10148 | D:7      | Found an ornate altar of the Wu Jian Council.
 10408 | D:8      | Noticed Grum
 10421 | D:8      | Killed Grum
 10423 | D:8      | Reached *** piety under Okawaru
 10546 | D:8      | Gained mutation: Spells you cast may paralyse nearby
                  | enemies. [demonic ancestry]
 10546 | D:8      | Reached XP level 10. HP: 68/77 MP: 13/13
 10595 | D:8      | Noticed Prince Ribbit
 10603 | D:8      | Killed Prince Ribbit
 10604 | D:8      | Reached skill level 5 in Invocations
 10929 | D:8      | Reached skill level 5 in Polearms
 11352 | D:9      | Found the +6 arbalest "Damnation" {damnation}
 11366 | D:9      | Found Zin's Purification Station.
 11403 | D:9      | Found a broken altar of Ashenzari.
 11738 | D:9      | Identified the +5 scimitar of Souris {venom, rF+ Dex+3}
 12178 | D:9      | Found a staircase to the Orcish Mines.
 12469 | D:9      | Reached skill level 7 in Fighting
 12474 | D:9      | Reached **** piety under Okawaru
 12724 | D:9      | Noticed Psyche
 12733 | D:9      | Killed Psyche
 13082 | D:10     | Entered Level 10 of the Dungeon
 13088 | D:10     | Found a staircase to the Lair.
 13109 | D:9      | Slain by a warg

Illustrated notes

Levels and vault maps discovered:
D:1:      onia_arrival_mini_maze, layout_basic
D:2:      layout_loops_ring, basic_altar, chequers_ecumenical_altar_lobes,
          chequers_serial_rivers_micro_b, roderic_lattice_a
D:3:      layout_basic, nicolae_overflow_ecumenical_swirl
D:4:      layout_rooms, uniq_natasha, uniq_robin, uniq_menkaure
D:5:      layout_basic, jmf_multi_god_temple2, temple_statues
D:6:      layout_loops_cross, lemuel_mausoleum_altar_yredelemnul,
          lemuel_flamethrower_2, uniq_blork_the_orc, uniq_crazy_yiuf_cottage,
          uniq_edmund
D:7:      layout_loops_cross, mainiacjoe_overflow_chevrons,
          mainiacjoe_overflow_24_doors, amethyst_killhole, grunt_ministairs_6
D:8:      layout_basic, uniq_grum, uniq_prince_ribbit1
D:9:      layout_gridville, zin_purify, nicolae_ashenzari_panopticon,
          zombieorc1_lemuel, uniq_psyche
D:10:     kennysheep_six_static_rooms, layout_gridville,
          mainiacjoe_overflow_small_starburst,
          nemelex_xobeh_ov_fountains_minmay, erik_lair_orcish_takeover
Temple:   hellmonk_temple_flake

Skill      XL: |  1  2  3  4  5  6  7  8  9 10 |
---------------+-------------------------------+-----
Axes           | 2 3 4 5 |  5.9
Armour         | 3 4 5 6 |  6.5
Shields        | 3 4 5 6 |  6.5
Fighting       | 4 5 6 7 |  7.0
Polearms       | 2 4 5 |  5.9
Invocations    | 2 4 6 |  6.0
Dodging        | 1 3 |  3.9
Spellcasting   | 1 3 |  3.0

Action                   |  1- 3 |  4- 6 |  7- 9 | 10-12 || total
-------------------------+-------+-------+-------+-------++-------
Melee: War axe           |    47 |   181 |    85 |       ||   313
       Spear             |       |       |   292 |   184 ||   476
       Unarmed           |       |       |       |     6 ||     6
Throw: Throwing net      |       |       |     2 |       ||     2
Invok: Heroism           |       |       |       |     1 ||     1
  Use: Scroll            |       |     8 |     6 |     3 ||    17
       Potion            |       |     2 |     7 |     1 ||    10
 Stab: Invisible         |       |       |       |     4 ||     4
Armor: Scale mail        |    20 |    94 |    57 |       ||   171
       Ring mail         |       |       |    58 |    38 ||    96
Dodge: Dodged            |    28 |    66 |   121 |    54 ||   269
Block: Buckler           |    12 |    53 |    64 |     3 ||   132
       Kite shield       |       |       |       |    61 ||    61

Table legend: (Time is in decaauts)
 A = Elapsed time spent in this place.
 B = Non-inter-level travel time spent in this place.
 C = Inter-level travel time spent in this place.
 D = Time resting spent in this place.
 E = Time spent auto-exploring this place.
 F = Levels seen in this place.
 G = Mean time per level.
                   A        B        C        D        E       F      G
               +--------+--------+--------+--------+--------+-----+--------+
         Total |  13210 |  12885 |    325 |   2338 |   8567 |  11 | 1200.9 |
       Dungeon |  13125 |  12800 |    325 |   2338 |   8516 |  10 | 1312.5 |
        Temple |     85 |     85 |      0 |      0 |     51 |   1 |   85.0 |
               +--------+--------+--------+--------+--------+-----+--------+

Top non-repeatable levels by time:
     D:6: 1972 daAuts
     D:5: 1848 daAuts
     D:9: 1766 daAuts
     D:3: 1665 daAuts
     D:2: 1492 daAuts
     D:4: 1247 daAuts
     D:7: 1150 daAuts
     D:1: 1042 daAuts
     D:8: 919 daAuts
  Temple: 85 daAuts
    D:10: 20 daAuts
